 Dungeon Crawl Stone Soup version 0.30.1 (webtiles) character file.

Game seed: 13008273505619705193

274 Wiggles the Chopper (level 6, -1/55 HPs)
             Began as a Minotaur Berserker on July 12, 2023.
             Was a Believer of Trog.
             Slain by an orc
             ... wielding a +0 mace
              (7 damage)
             ... on level 3 of the Dungeon.
             The game lasted 00:03:16 (2123 turns).

Wiggles the Chopper (Minotaur Berserker)            Turns: 2123, Time: 00:03:17

Health: -1/55      AC:  6    Str: 23    XL:     6   Next: 3%
Magic:  0/5        EV: 11    Int:  4    God:    Trog [**....]
Gold:   100        SH:  0    Dex: 10    Spells: 5/5 levels left

rFire   . . .        m - +0 war axe
rCold   . . .        (no shield)
rNeg    . . .        f - +0 scale mail
rPois   .            (helmet restricted)
rElec   .            (no cloak)
rCorr   .            (no gloves)
SInv    .            (no boots)
Will    .....        i - amulet of guardian spirit Stlth
                     (no ring)
HPRegen 0.29/turn    (no ring)
MPRegen 0.09/turn

%: guardian spirit
@: on berserk cooldown, slowed, very slow
A: horns 2, retaliatory headbutt
a: Renounce Religion, Berserk, Trog's Hand


You were on level 3 of the Dungeon.
You worshipped Trog.
Trog was pleased with you.
You visited 1 branch of the dungeon, and saw 3 of its levels.

You collected 100 gold pieces.

Inventory:

Hand Weapons
 m - a +0 war axe (weapon)
Missiles
 k - 5 boomerangs (quivered)
Armour
 f - a +0 scale mail (worn)
Jewellery
 i - an amulet of guardian spirit (around neck)
 n - a ring of ice
Scrolls
 a - a scroll of enchant armour {unknown}
 b - a scroll of teleportation {unknown}
 d - a scroll of torment {unknown}
 e - a scroll of acquirement {unknown}
 j - a scroll of vulnerability {unknown}
 l - a scroll of identify {unknown}
Potions
 c - 2 potions of degeneration {unknown}
 g - a potion of heal wounds {unknown}
 h - a potion of haste {unknown}
 o - a potion of brilliance {unknown}


   Skills:
 + Level 4.8 Fighting
 + Level 6.2 Axes
 + Level 0.1 Throwing
 + Level 3.6 Armour
 + Level 3.2 Dodging
 + Level 0.9 Stealth


You had 5 spell levels left.
You didn't know any spells.
Your spell library was empty.

Dungeon Overview and Level Annotations

Branches:
Dungeon (3/15)

Altars:


Innate Abilities, Weirdness & Mutations

You have a pair of horns on your head.
You reflexively headbutt those who attack you in melee.


Message History

Trog accepts your kill. The orc priest closely misses you.
You barely miss the orc priest. Your headbutt misses the orc priest.
The orc priest barely misses you.
You slash the orc priest!
You kill the orc priest!
Trog accepts your kill.
You have reached level 6!
You barely miss the orc. You headbutt the orc.
The orc is severely wounded.
You barely miss the orc.
The orc is severely wounded.
The orc hits you but does no damage.
You closely miss the orc. You headbutt the orc.
You kill the orc!
Trog accepts your kill.
An orc comes into view. It is wielding a +0 mace.
The orc shouts!
Items here: ))) [ †.
You feel a strong urge to attack something.
You are no longer berserk.
You are exhausted.
You feel yourself slow down.
You see here a +0 falchion.
The orc hits you with a +0 mace.
* * * LOW HITPOINT WARNING * * *
The orc hits you but does no damage. The orc hits you with a +0 mace.
* * * LOW HITPOINT WARNING * * *
You hit the orc.
The orc is almost dead.
The orc closely misses you.
You completely miss the orc. Your headbutt misses the orc.
The orc is almost dead.
The orc hits you but does no damage. The orc hits you with a +0 mace.
* * * LOW HITPOINT WARNING * * *
You barely miss the orc.
The orc is almost dead.
The orc hits you with a +0 mace!
You die...

##.##.##.# #.#
######.....##.#
#.#
#.............#
#.#
#.###...#####.#
#.# #.
#.....†....####
#.#
#.##....####.....#
#.#### #......###
#.....###.....
#........#
#.............
#..#.##.@#
#.....#.....#.
#..#..#.o#
#...>.#.#..... #.
##.#..#
#######.#.....
#(.##.#..#
#.#.#..#
#.....)..#
#.......
#####.####
#####... #)# #...
#.......#
###.####..#
#.##.##.#
..........#


You could see an orc.

Vanquished Creatures
  An ice beast (D:3)
  2 orc priests (D:3)
  An orc wizard (D:3)
  3 adders
  2 worms (D:2)
  A dart slug (D:3)
  10 orcs (D:3)
  A bat (D:3)
  5 endoplasms
  2 giant cockroaches (D:1)
  5 goblins
  5 hobgoblins
  4 jackals (D:3)
  A quokka (D:1)
  3 ball pythons
  5 frilled lizards
  2 kobolds
  8 rats
61 creatures vanquished.

Notes
Turn   | Place    | Note
-------+----------+-------------------------------------------
     0 | D:1      | Wiggles the Minotaur Berserker began the quest for the Orb.
     0 | D:1      | Reached XP level 1. HP: 19/19 MP: 0/0
   214 | D:1      | Reached XP level 2. HP: 23/27 MP: 1/1
   285 | D:1      | Reached skill level 4 in Axes
   741 | D:2      | Reached XP level 3. HP: 20/33 MP: 2/2
  1346 | D:2      | Reached ** piety under Trog
  1621 | D:3      | Reached XP level 4. HP: 40/40 MP: 3/3
  1721 | D:3      | Noticed an ice beast
  1732 | D:3      | Killed an ice beast
  1733 | D:3      | Reached skill level 5 in Axes
  1733 | D:3      | Reached XP level 5. HP: 47/47 MP: 4/4
  2104 | D:3      | Reached skill level 6 in Axes
  2108 | D:3      | Reached XP level 6. HP: 7/53 MP: 1/5
  2123 | D:3      | Slain by an orc

Illustrated notes

Levels and vault maps discovered:
D:1:      minmay_arrival_arboretum_small, layout_loops_cross,
          minmay_misc_feat_square, minmay_tiny_reverse_x
D:2:      layout_loops_cross, grunt_decor_cap, chequers_serial_rivers_large_b,
          moated_statue, minivault_27
D:3:      layout_loops_cross

Skill      XL: |  1  2  3  4  5 |
---------------+----------------+-----
Axes           | 4 5 6 |  6.2
Fighting       | 4 |  4.8
Armour         | 3 |  3.6
Dodging        | 3 |  3.2
Throwing       | |  0.1
Stealth        | |  0.9

Action                     |  1- 3 |  4- 6 || total
---------------------------+-------+-------++-------
  Melee: Hand axe          |    91 |     2 ||    93
         Headbutt          |    11 |    12 ||    23
         War axe           |       |    46 ||    46
         Punch             |       |     1 ||     1
  Throw: Boomerang         |     2 |       ||     2
 Invoke: Berserk           |       |     2 ||     2
   Stab: Sleeping          |     1 |       ||     1
 Armour: Animal skin       |     5 |       ||     5
         Ring mail         |     1 |       ||     1
         Scale mail        |    18 |    20 ||    38
  Dodge: Dodged            |    38 |    20 ||    58
